 Dungeon Sprint DCSS version 0.30-a0-996-ga6910c8ee8 (webtiles) character file.

Game seed: 7452905455512655174

1707 rocky1 the Thaumaturge (level 8, -9/48 HPs)
             Began as a Deep Elf Conjurer on Apr 5, 2023.
             Was a High Priest of Sif Muna.
             Mangled by an elephant (12 damage)
             ... in the Dungeon (Sprint VII: "The Pits").
             The game lasted 00:08:43 (2457 turns).

rocky1 the Thaumaturge (Deep Elf Conjurer)          Turns: 2457, Time: 00:08:45

Health: -9/48      AC:  2    Str:  4    XL:     8   Next: 73%
Magic:  20/26      EV: 15    Int: 26    God:    Sif Muna [*****.]
Gold:   0          SH:  0    Dex: 13    Spells: 12/32 levels left

rFire   . . .      SeeInvis .    g - +0 quarterstaff (speed)
rCold   . . .      Faith    .    (shield currently unavailable)
rNeg    . . .      Spirit   .    a - +0 robe
rPois   .          Reflect  .    (no helmet)
rElec   .          Rampage  .    (no cloak)
rCorr   .          NoTele   +    (no gloves)
Will    .....                    (no boots)
Stlth   +++                      (no amulet)
HPRegen 0.28/turn                (no ring)
MPRegen 0.20/turn                (no ring)

@: channelling
A: no striking features
a: Renounce Religion, Channel Magic, Forget Spell, Divine Exegesis


You were in the Dungeon.
You worshipped Sif Muna.
Sif Muna was extremely pleased with you.
You visited 1 branch

Inventory:

Hand Weapons
 g - a +0 quarterstaff of speed (weapon)
 k - a +2 quarterstaff
 l - a +2 dagger of electrocution
 m - a +2 long sword of flaming
Armour
 a - a +0 robe (worn)
Scrolls
 i - 5 scrolls of amnesia
Potions
 b - 5 potions of magic
 c - 6 potions of curing
 d - 4 potions of heal wounds
 e - a potion of haste
 f - 2 potions of berserk rage
 h - 2 potions of invisibility


   Skills:
 - Level 4.7 Fighting
 + Level 8.5 Dodging
 - Level 6.0 Stealth
 * Level 12.8 Spellcasting
 * Level 11.5 Conjurations
 - Level 6.2 Hexes
 - Level 5.2 Translocations
 + Level 1.8 Ice Magic
 - Level 2.1 Earth Magic
 + Level 7.3 Invocations


You had 12 spell levels left.
You knew the following spells:

 Your Spells              Type           Power      Damage    Failure   Level
a - Magic Dart            Conj           100%       1d8       1%          1
b - Searing Ray           Conj           100%       2d8       1%          2
c - Dazzling Flash        Conj/Hex       100%       N/A       1%          3
d - Iskenderun's Mystic   Conj/Tloc      57%        2d12      1%          4
e - Fulminant Prism       Conj/Hex       29%        3d13      1%          4
f - Stone Arrow           Conj/Erth      100%       3d13      1%          3
g - Ozocubu's Armour      Ice            26%        N/A       4%          3

Your spell library contained the following spells:

 Spells                   Type           Power      Damage    Failure   Level
 Foxfire                  Conj/Fire      100%       2x1d9     1%          1
 Shock                    Conj/Air       100%       1d9       1%          1
 Freezing Cloud           Conj/Ice/Air   19%        6-21      16%         5
 Ice Form                 Ice/Tmut       21%        N/A       24%         4
 Summon Ice Beast         Ice/Summ       21%        N/A       24%         4
 Orb of Destruction       Conj           33%        9d10      26%         7
 Lehudib's Crystal Spear  Conj/Erth      25%        10d7      100%        8
 Polar Vortex             Ice            13%        N/A       100%        9


Dungeon Overview and Level Annotations

Branches:
Dungeon (1/1)

Altars:
Ashenzari
Cheibriados
Dithmenos
Elyvilon
Fedhas
Gozag
Hepliaklqana
Kikubaaqudgha
Makhleb
Nemelex Xobeh
Okawaru
Qazlal
Ru
Sif Muna
Trog
Uskayaw
Vehumet
Wu Jian
Xom
Yredelemnul
Zin
The Shining One
Jiyva
Lugonu


Message History

Your Invocations skill increases to level 7!
Aiming: Stone Arrow (safe; 1% risk of failure)
Press: ? - help, Q - select action, (/) - cycle Shift-Dir - straight line, f - orc
Aim: an orc, wielding a +0 hand axe (78% to hit)
The stone arrow hits the orc!
You kill the orc!
Sif Muna accepts your kill.
You start resting.
Your butterfly disappears in a burst of colours!
An elephant is nearby!
An elephant is nearby!
There is an open door here.
Things that are here:
a +0 falchion; a +0 robe The elephant barely misses you.
The elephant closely misses you. The elephant tramples you!
You stumble backwards!
Aiming: Stone Arrow (safe; 1% risk of failure)
Press: ? - help, Q - select action, (/) - cycle Shift-Dir - straight line, f - elephant
Aim: an elephant (100% to hit)
The stone arrow hits the elephant!
The elephant is moderately wounded.
The elephant tramples you.
You stumble backwards!
Aiming: Stone Arrow (safe; 1% risk of failure)
Press: ? - help, Q - select action, (/) - cycle Shift-Dir - straight line, f/p - elephant
Aim: an elephant (moderately wounded, 100% to hit)
The stone arrow hits the elephant.
The elephant is moderately wounded.
You feel yourself speed up. The elephant tramples you!
* * * LOW HITPOINT WARNING * * *
You stumble backwards!
The elephant barely misses you. The elephant trunk-slaps you.
* * * LOW HITPOINT WARNING * * *
Aiming: Stone Arrow (safe; 1% risk of failure)
Press: ? - help, Q - select action, (/) - cycle Shift-Dir - straight line, f/p - elephant
Aim: an elephant (moderately wounded, 100% to hit)
The stone arrow hits the elephant!!
The elephant is severely wounded.
The elephant tramples you!
You die...

##########.##.....
#...........'...†.
#'#####'#####.....
#.#..#..#..##.....
#.#.)'..#..#####'#
#.#..####.)##.....
#.#÷.#..#))##.....
#)#..#..#[[##.....
#@##'#..#'###...<.
#Y#..†.....##.....
#)#........##.....
#)###########.....
#...)...#b. ######
#...#...#b# ####
#...#...#b#bb..#
#.##.##b#b#bbbo#
#...#...#b'b...+


You could see an elephant.

Vanquished Creatures
  A molten gargoyle (D)
  A freezing wraith (D)
  A water moccasin (D)
  A floating eye (D)
  A centaur (D)
  A scorpion (D)
  13 wights (D)
  A hound (D)
  An iron imp (D)
  2 mummies (D)
  2 gnolls (D)
  3 adders (D)
  An orc (D)
  A quokka (D)
  2 ball pythons (D)
  A frilled lizard (D)
  A rat (D)
34 creatures vanquished.

Notes
Turn   | Place    | Note
-------+----------+-------------------------------------------
     0 | D        | rocky1 the Deep Elf Conjurer began the quest for the Orb.
     0 | D        | Reached XP level 1. HP: 10/10 MP: 6/6
    18 | D        | Found a bloodstained altar of Trog.
    18 | D        | Found a shimmering blue altar of Sif Muna.
    18 | D        | Found a viscous altar of Jiyva.
    18 | D        | Found a hazy altar of Hepliaklqana.
    18 | D        | Found an opulent altar of Gozag.
    19 | D        | Found a glowing golden altar of the Shining One.
    19 | D        | Found a glowing silver altar of Zin.
    19 | D        | Found a basalt altar of Yredelemnul.
    19 | D        | Found a shimmering altar of Xom.
    19 | D        | Found an ornate altar of the Wu Jian Council.
    19 | D        | Found a sacrificial altar of Ru.
    19 | D        | Found a stormy altar of Qazlal.
    19 | D        | Found an iron altar of Okawaru.
    19 | D        | Found a sparkling altar of Nemelex Xobeh.
    19 | D        | Found a burning altar of Makhleb.
    19 | D        | Found a blossoming altar of Fedhas.
    19 | D        | Found a white marble altar of Elyvilon.
    19 | D        | Found a shadowy altar of Dithmenos.
    19 | D        | Found a snail-covered altar of Cheibriados.
    22 | D        | Found a corrupted altar of Lugonu.
    22 | D        | Found a radiant altar of Vehumet.
    23 | D        | Found an ancient bone altar of Kikubaaqudgha.
    23 | D        | Found a hide-covered altar of Uskayaw.
    23 | D        | Found a broken altar of Ashenzari.
    26 | D        | Became a worshipper of Sif Muna the Loreminder
    73 | D        | Noticed a scorpion
    91 | D        | Killed a scorpion
    92 | D        | Reached skill level 5 in Spellcasting
    92 | D        | Reached XP level 2. HP: 13/15 MP: 0/10
    92 | D        | Reached XP level 3. HP: 16/19 MP: 0/12
   283 | D        | Reached * piety under Sif Muna
   284 | D        | Reached skill level 6 in Spellcasting
   286 | D        | Noticed a floating eye
   290 | D        | Killed a floating eye
   291 | D        | Reached skill level 1 in Fighting
   291 | D        | Reached skill level 5 in Dodging
   291 | D        | Reached skill level 5 in Stealth
   291 | D        | Reached skill level 7 in Spellcasting
   291 | D        | Reached XP level 4. HP: 26/26 MP: 6/15
   291 | D        | Reached XP level 5. HP: 30/30 MP: 6/17
   560 | D        | Learned a level 2 spell: Searing Ray
   564 | D        | Learned a level 3 spell: Dazzling Flash
   569 | D        | Learned a level 4 spell: Iskenderun's Mystic Blast
   574 | D        | Learned a level 4 spell: Fulminant Prism
   582 | D        | Reached ** piety under Sif Muna
   618 | D        | Reached skill level 8 in Spellcasting
   990 | D        | Reached *** piety under Sif Muna
   991 | D        | Reached skill level 1 in Hexes
   991 | D        | Reached skill level 1 in Translocations
   991 | D        | Reached XP level 6. HP: 36/36 MP: 14/19
   993 | D        | Reached skill level 9 in Spellcasting
  1139 | D        | Noticed a water moccasin
  1149 | D        | Reached skill level 5 in Invocations
  1149 | D        | Reached **** piety under Sif Muna
  1150 | D        | Reached skill level 10 in Spellcasting
  1230 | D        | Reached XP level 7. HP: 37/41 MP: 18/22
  1402 | D        | Reached ***** piety under Sif Muna
  1403 | D        | Reached skill level 11 in Spellcasting
  1403 | D        | Reached skill level 10 in Conjurations
  1403 | D        | Received a gift from Sif Muna
  1406 | D        | Got Sif Muna's Parchment of Combat Magic {god gift}
  1586 | D        | Reached skill level 5 in Hexes
  1773 | D        | Reached XP level 8. HP: 48/48 MP: 18/25
  1910 | D        | Learned a level 3 spell: Stone Arrow
  2012 | D        | Noticed a molten gargoyle
  2014 | D        | Killed a molten gargoyle
  2015 | D        | Reached skill level 12 in Spellcasting
  2015 | D        | Reached skill level 5 in Translocations
  2015 | D        | Reached skill level 1 in Earth Magic
  2354 | D        | Received a gift from Sif Muna
  2362 | D        | Got Naezeegg's Volume of Congelation {god gift}
  2414 | D        | Learned a level 3 spell: Ozocubu's Armour
  2414 | D        | Noticed an elephant
  2414 | D        | Noticed a freezing wraith
  2431 | D        | Killed a freezing wraith
  2432 | D        | Reached skill level 1 in Ice Magic
  2457 | D        | Mangled by an elephant

Illustrated notes

Levels and vault maps discovered:
D:        pitsprint [storerooms_1, entrance_room_1, metal_vault_7, armoury_1,
          mini_pit_1, grid_room_1, main_hall_1, silver_pit, the_coven_3,
          the_vestibule_1, steel_vault_4, golden_pit, hallway_of_sentries,
          crystal_vault_2, iron_vault_3, final_vault]

Skill      XL: |  1  2  3  4  5  6  7  8 |
---------------+-------------------------+-----
Dodging        | 4 5 6 7 8 |  8.5
Stealth        | 4 5 6 |  6.0
Spellcasting   | 5 7 8 10 11 12 | 12.8
Conjurations   | 6 7 8 9 10 11 | 11.5
Invocations    | 2 3 4 5 6 7 |  7.3
Fighting       | 1 2 3 4 |  4.7
Hexes          | 1 3 5 6 |  6.2
Translocations | 1 3 4 5 |  5.2
Earth Magic    | 2 |  2.1
Ice Magic      | 1 |  1.8

Action                     |  1- 3 |  4- 6 |  7- 9 || total
---------------------------+-------+-------+-------++-------
  Melee: Quarterstaff      |     6 |       |       ||     6
   Cast: Magic Dart        |    15 |    12 |     1 ||    28
         Searing Ray       |       |     7 |     8 ||    15
         Stone Arrow       |       |       |    17 ||    17
 Invoke: Channel Magic     |       |       |     1 ||     1
    Use: Potion            |     1 |       |     2 ||     3
         Scroll            |     1 |       |     1 ||     2
 Armour: Robe              |     1 |       |     1 ||     2
  Dodge: Dodged            |     3 |     6 |    27 ||    36

Table legend: (Time is in decaauts)
 A = Elapsed time spent in this place.
 B = Non-inter-level travel time spent in this place.
 C = Inter-level travel time spent in this place.
 D = Time resting spent in this place.
 E = Time spent auto-exploring this place.
 F = Levels seen in this place.
 G = Mean time per level.
                   A        B        C        D        E       F      G
               +--------+--------+--------+--------+--------+-----+--------+
         Total |   2481 |   2461 |     20 |   2060 |      0 |   1 | 2481.0 |
       Dungeon |   2481 |   2461 |     20 |   2060 |      0 |   1 | 2481.0 |
               +--------+--------+--------+--------+--------+-----+--------+

Top non-repeatable levels by time:
       D: 2481 daAuts
